 Dungeon Crawl Stone Soup version 0.20.1-1-g8b1a95d66d (webtiles) character file.

442096 tehanu the Minotaur Blade (level 23, -6/327 (340) HPs)
             Began as a Minotaur Berserker on Dec 30, 2017.
             Was the Champion of Trog.
             Killed by a guardian mummy's death curse (15 damage)
             ... on level 2 of the Tomb of the Ancients on Dec 31, 2017.
             The game lasted 09:54:14 (63583 turns).

tehanu the Minotaur Blade (Minotaur Berserker)     Turns: 63583, Time: 09:54:20

HP:   -6/327 (340)  AC: 27    Str: 37    XL:     23   Next: 4%
MP:   0/31          EV: 21    Int:  4    God:    Trog [******]
Gold: 4234          SH:  0    Dex: 21    Spells: 22/22 levels left

rFire    . . .     SeeInvis +   d - +6 great sword (holy)
rCold    . . .     Gourm    .   (shield currently unavailable)
rNeg     + + .     Faith    .   C - +4 plate armour of Ashenzari's Delight {Dex+4}
rPois    .         Spirit   +   (helmet restricted)
rElec    .         Reflect  .   D - scarf {cloud immunity}
rCorr    .         Harm     .   N - +0 pair of fencer's gloves {+Riposte Dex+3}
MR       ++...                  J - +1 pair of boots
Stlth    ..........             A - amulet of guardian spirit
Regen    0.7/turn               Y - ring "Cyih Lum" {rN++ Dex+4 Stlth+}
MPRegen  0.3/turn               j - ring of Uxoruum {+Fly MR+ SInv Stlth+}

@: berserking, flayed, very quick
A: retaliatory headbutt, horns 2
}: 2/15 runes: serpentine, barnacled
a: Berserk, Trog's Hand, Brothers in Arms, Burn Spellbooks, Renounce Religion,
Evoke Flight


You were on level 2 of the Tomb of the Ancients.
You worshipped Trog.
Trog was exalted by your worship.
You were not hungry.

You visited 10 branches of the dungeon, and saw 41 of its levels.
You also visited: Labyrinth.

You collected 4636 gold pieces.
You spent 402 gold pieces at shops.

Inventory:

Hand Weapons
 a - the +7 great mace "Firestarter" {inner flame, rF++}
   (You found it on level 6 of the Dungeon)

   It has been specially enchanted to burn those struck by it, causing extra
   injury to most foes and up to half again as much damage against particularly
   susceptible opponents.
   It greatly protects you from fire.
 d - a +6 great sword of holy wrath (weapon)
 g - a +8 triple sword of draining
 p - a +7 antimagic double sword
Missiles
 I - 37 javelins of returning (quivered)
Armour
 C - the +4 plate armour of Ashenzari's Delight (worn) {Dex+4}
   (You found it on level 8 of the Dungeon)

   It affects your dexterity (+4).
 D - a scarf of cloud immunity (worn)
 J - a +1 pair of boots (worn)
 N - the +0 pair of fencer's gloves (worn) {+Riposte Dex+3}
   (You found it in a labyrinth)

   It affects your dexterity (+3).
 X - the +6 chain mail "Ybola" {-Tele rF++ rN++}
   (You took it off a minotaur in a labyrinth)

   It greatly protects you from fire.
   It greatly protects you from negative energy.
   It prevents most forms of teleportation.
Jewellery
 b - an uncursed ring of fire
 e - an uncursed ring of protection from cold
 j - the ring of Uxoruum (right hand) {+Fly MR+ SInv Stlth+}
   (You took it off a big kobold on level 9 of the Dungeon)

   [ring of flight]

   It affects your resistance to hostile enchantments.
   It lets you see invisible.
   It lets you fly.
   It makes you more stealthy.
 x - a +4 ring of slaying
 A - an amulet of guardian spirit (around neck)
 V - an uncursed ring of positive energy
 W - an uncursed ring of resist corrosion
 Y - the ring "Cyih Lum" (left hand) {rN++ Dex+4 Stlth+}
   (You found it on level 3 of the Crypt)

   [ring of stealth]

   It affects your dexterity (+4).
   It greatly protects you from negative energy.
   It makes you more stealthy.
Wands
 f - a wand of paralysis (13/24)
 l - a wand of lightning (1/15)
 r - a wand of polymorph (13/24)
 s - a wand of lightning (6/15)
 v - a wand of confusion (34/48)
 B - a wand of disintegration (17/24)
 E - a wand of flame (13/48)
 L - a wand of random effects (7/48)
 R - a wand of acid (8/15)
 T - a wand of scattershot (0/9)
Scrolls
 k - 15 scrolls of remove curse
 q - a scroll of teleportation
 y - 4 scrolls of recharging
 G - 3 scrolls of fear
 H - 12 scrolls of identify
 M - 2 scrolls of fog
 S - 3 scrolls of magic mapping
 U - 7 scrolls of enchant armour
Potions
 h - a potion of cancellation
 i - a potion of resistance
 m - 6 potions of haste
 n - 5 potions of agility
 t - 4 potions of heal wounds
 w - 8 potions of flight
 z - 2 potions of curing
 F - 8 potions of might
Miscellaneous
 K - a phial of floods
 Q - a phial of floods
Comestibles
 c - 27 bread rations
 o - 15 meat rations
 u - 25 fruits


   Skills:
 * Level 23.5 Fighting
 + Level 26.3 Long Blades
 - Level 0.5 Maces & Flails
 + Level 7.4 Throwing
 + Level 20.0 Armour
 * Level 15.3 Dodging
 * Level 13.1 Evocations


You had 22 spell levels left.
You didn't know any spells.

Dungeon Overview and Level Annotations

Branches:
Dungeon (15/15)            Temple (1/1) D:6            Lair (6/6) D:9
 Shoals (4/4) Lair:3        Snake (4/4) Lair:3        Slime (0/5) Lair:6
    Orc (2/2) D:12            Elf (1/3) Orc:2        Vaults (3/5) D:14
  Crypt (3/3) Vaults:3       Tomb (2/3) Crypt:3      Depths (0/5) D:15

Altars:
Ashenzari
Cheibriados
Dithmenos
Elyvilon
Fedhas
Gozag
Hepliaklqana
Kikubaaqudgha
Makhleb
Nemelex Xobeh
Okawaru
Qazlal
Ru
Sif Muna
Trog
Uskayaw
Vehumet
Xom
Yredelemnul
Zin
The Shining One
Beogh

Shops:
D:12 }   D:14 %   Orc:2 !}%:   Elf:1 (   Snake:1 *   Snake:3 *[[   Vaults:1 }


Innate Abilities, Weirdness & Mutations

You reflexively headbutt those who attack you in melee.
You have a pair of horns on your head.


Message History

You destroy the greater mummy!
Trog accepts your kill.
Trog appreciates your killing of a magic user.
You feel extremely nervous for a moment...
Death has come for you...
Your life force feels restored.
The flying skull hits you but does no damage.
The hungry ghost completely misses you.
The greater mummy calls on the powers of darkness!
The mana viper convulses!
Your body is wracked with pain!
* * * LOW HITPOINT WARNING * * *
The mana viper convulses!
The greater mummy casts a spell.
You slice the guardian mummy!!
You feel the power of Trog in you as your rage grows.
You destroy the guardian mummy!
Trog accepts your kill.
You feel extremely nervous for a moment...
You convulse helplessly as pain tears through your body!
You die...

.....M.........
...............
...............
.......W.......
...............
.#.?§M.z.....#.
...W.8MMW.W.Zz.
...ZMS.@W§zM.V.
..W...ZMz2Wnz..
.#.z...M.WzZ.#.
....MZ..4WM....
...S.W.........
...........Z...
$....§.....Z...
...............


You could see 3 greater mummies, a reaper, 2 mummy priests, 2 flayed ghosts, a
shadow wraith (invisible), 2 phantasmal warriors, 2 mana vipers, a guardian
mummy, an ushabti, an ice devil, a freezing wraith, a spectral golden dragon, a
hungry ghost, a vampire, a necrophage, 3 shadows, 6 flying skulls, 4 mummies, a
wight, a manticore simulacrum, an iron dragon simulacrum, a black mamba zombie,
a merfolk zombie, a four-headed hydra skeleton and a catoblepas skeleton.

Vanquished Creatures
  An ancient lich (Tomb:1)
  Sojobo (Vaults:2)
  2 greater mummies
  Boris (Tomb:1)
  Vashnia (Snake:2)
  Nikola (Shoals:2)
  Jorgrun (Snake:3)
  4 liches
  Rupert (Lair:3)
  2 krakens (Shoals:4)
  8 sphinxes
  Kirke (Lair:5)
  2 ancient champions
  Polyphemus (Shoals:2)
  A tengu reaver (Vaults:2)
  Ilsuiw (Shoals:4)
  10 nagarajas (Snake:4)
  6 revenants
  2 frost giants (Vaults:2)
  13 vault wardens
  Aizul (Snake:1)
  2 curse skulls
  5 ghouls
  6 ironheart preservers
  2 stone giants
  Nessos (Orc:2)
  The ghost of Noxor the Eclecticist, an adept SpEn of Fedhas (Snake:4)
  6 bennus
  3 vampire knights
  2 deep elf annihilators
  2 deep elf demonologists
  3 eidola
  11 merfolk javelineers
  7 merfolk impalers
  5 deep elf death magi
  2 ettins
  16 jiangshi
  3 mummy priests (Tomb:1)
  4 yaktaur captains
  2 minotaurs
  Josephine (Lair:5)
  2 deep elf high priests (Elf:1)
  5 vault guards
  Harold (Lair:2)
  9 hydras
  19 naga warriors
  A great orb of eyes (Vaults:2)
  2 catoblepae
  5 ice dragons
  5 merfolk aquamancers
  6 ogre magi
  3 satyrs
  9 centaur warriors
  A death knight (Crypt:1)
  14 anacondas
  An alligator snapping turtle (Shoals:1)
  5 merfolk avatars
  8 death yaks
  6 dancing weapons (Elf:1)
  2 tengu warriors
  19 two-headed ogres
  6 vampire magi
  27 death scarabs
  A titan zombie (Crypt:2)
  11 naga sharpshooters
  9 shock serpents
  10 deep elf knights
  2 soul eaters
  4 salamander mystics (Snake:4)
  A quicksilver dragon simulacrum (Crypt:3)
  18 shadow wraiths
  14 sea snakes
  A storm dragon skeleton (Crypt:3)
  30 skeletal warriors
  13 naga ritualists
  A golden dragon zombie (Crypt:2)
  3 glowing orange brains
  4 flayed ghosts (Crypt:3)
  Pikel (D:9)
  4 unseen horrors
  11 deep elf archers
  A shadow dragon zombie (Crypt:2)
  5 necromancers
  An orange crystal statue (Vaults:1)
  7 ironbrand convokers
  4 wizards (D:14)
  A harpy (shapeshifter) (D:13)
  4 deep trolls
  An obsidian statue (Tomb:1)
  22 phantasmal warriors
  18 orc knights
  2 fire giant zombies
  12 fauns
  21 harpies
  4 oklob plants
  11 mana vipers
  3 orc sorcerers
  18 ugly things
  10 manticores
  35 deep elf magi
  A moth of wrath (shapeshifter) (Vaults:1)
  A stone giant zombie (Crypt:2)
  A shadow dragon skeleton (Crypt:2)
  12 cyclopes
  An iron dragon skeleton (Crypt:2)
  A wolf spider (shapeshifter) (Vaults:2)
  A wolf spider (Vaults:2)
  A centaur zombie (D:14)
  16 elephants
  Maurice (Orc:2)
  5 salamanders
  A fire giant skeleton (Crypt:2)
  11 merfolk sirens
  14 naga magi
  7 vault sentinels
  41 black mambas
  8 water nymphs
  2 gargoyles
  28 spiny frogs
  9 guardian serpents
  A frost giant skeleton (Vaults:1)
  A rust devil (Snake:3)
  5 rime drakes
  10 freezing wraiths
  2 pale draconian zombies
  32 yaktaurs
  A redback zombie (D:15)
  An iron troll zombie (Crypt:2)
  14 komodo dragons
  A hydra zombie (Crypt:2)
  A tengu conjurer (D:13)
  A green draconian skeleton (Crypt:1)
  33 merfolk
  20 guardian mummies
  A black draconian skeleton (Crypt:2)
  12 trolls
  2 polar bears (Lair:3)
  7 wind drakes
  A queen bee (shapeshifter) (Vaults:1)
  11 slime creatures
  4 meliai
  3 tyrant leeches (Lair:6)
  A queen bee (Lair:3)
  A blink frog (shapeshifter) (Vaults:2)
  The ghost of blobbo the Conjurer, an amateur DrCj (D:4)
  22 blink frogs
  An ettin zombie (Vaults:1)
  13 snapping turtles
  3 hornets
  A hydra skeleton (Crypt:3)
  A harpy skeleton (Crypt:2)
  13 hippogriffs
  4 bog bodies
  An alligator zombie (Crypt:2)
  A meliai zombie (D:11)
  8 redbacks (Snake:1)
  16 dream sheep
  A human simulacrum (Vaults:1)
  37 flying skulls
  4 wyverns
  A guardian serpent skeleton (Crypt:3)
  12 shadows
  An alligator skeleton (Crypt:2)
  A spriggan (D:9)
  15 wraiths
  A hog (Lair:5)
  9 water elementals
  19 humans (D:14)
  51 yaks
  An ushabti (Tomb:1)
  An ettin skeleton (Crypt:1)
  4 basilisks
  A steam dragon (D:15)
  9 vampire mosquitoes
  11 hungry ghosts
  7 wargs
  58 nagas
  A soldier ant (D:15)
  A spectral spiny frog (Crypt:3)
  An acid dragon (Vaults:1)
  8 porcupines
  A floating eye (shapeshifter) (Vaults:2)
  50 orc warriors
  11 water moccasins
  An eye of draining (D:14)
  5 ice beasts
  A sky beast (D:12)
  A spiny frog skeleton (Crypt:2)
  4 black bears
  2 phantoms (D:5)
  4 slaves (D:9)
  13 boggarts
  22 ogres
  A necrophage (D:11)
  A black mamba simulacrum (Crypt:2)
  An elf skeleton (Vaults:1)
  A tengu (shapeshifter) (D:14)
  A dream sheep skeleton (Crypt:3)
  13 wolves
  20 centaurs
  16 crocodiles
  3 big kobolds
  A rime drake skeleton (Crypt:2)
  31 bullfrogs
  A gnoll sergeant (D:6)
  A hippogriff skeleton (Crypt:3)
  A human skeleton (Vaults:1)
  A wyvern skeleton (D:9)
  3 scorpions
  31 killer bees
  A queen bee zombie (Crypt:1)
  2 spriggan zombies
  A snapping turtle simulacrum (Crypt:3)
  4 howler monkeys
  6 wights
  A yak skeleton (Crypt:3)
  4 electric eels
  5 crimson imps
  2 bullfrog zombies
  A quasit (D:12)
  6 jellies
  12 orc priests
  4 centaur skeletons
  8 hounds
  20 orc wizards
  A bullfrog skeleton (D:12)
  Terence (D:2)
  Jessica (D:2)
  2 iguanas
  12 worker ants
  A deep dwarf zombie (Crypt:1)
  A felid zombie (Crypt:1)
  An acid dragon skeleton (Crypt:1)
  A hound zombie (D:9)
  A demigod skeleton (Crypt:3)
  A hound skeleton (D:6)
  21 mummies
  3 howler monkey zombies
  2 worker ant zombies
  Robin (D:2)
  11 gnolls
  9 adders
  3 shadow imps
  An ooze (D:4)
  An adder zombie (D:6)
  A lava snake zombie (Crypt:3)
  An adder skeleton (D:5)
  A worm (D:2)
  9 dart slugs
  7 leopard geckos
  101 orcs
  8 ball pythons
  7 bats
  10 giant cockroaches
  16 goblins
  12 hobgoblins
  8 jackals
  20 kobolds
  5 quokkas
  A dart slug zombie (Crypt:1)
  9 frilled lizards
  A frilled lizard zombie (Crypt:1)
  A jackal zombie (Crypt:2)
  A leopard gecko skeleton (Crypt:3)
  4 rats
  A bush (Lair:2)
  A plant (Lair:6)
  11 tentacles (Shoals:4)
1917 creatures vanquished.

Vanquished Creatures (collateral kills)
  A tengu reaver (Vaults:2)
  A vault warden (Vaults:2)
  A curse skull (Crypt:3)
  2 merfolk javelineers (Shoals:4)
  An eidolon (Crypt:3)
  3 merfolk avatars (Shoals:4)
  5 yaktaurs (Vaults:2)
  2 wind drakes (Shoals:4)
  An orc warrior (Vaults:2)
  2 ogres (Vaults:2)
  2 boggarts (Vaults:2)
21 creatures vanquished.

Vanquished Creatures (others)
  A sphinx (Tomb:1)
  A death scarab (Tomb:1)
  A deep elf mage (Elf:1)
  A vault sentinel (Vaults:1)
  2 flying skulls (Tomb:1)
  3 humans (Lair:5)
  A porcupine (Lair:5)
  A hound (D:5)
  2 worker ants (D:5)
  An ooze (D:5)
  A frilled lizard (D:5)
  9 fungi
  42 plants
  27 tentacles (Shoals:4)
  A withered plant (D:11)
94 creatures vanquished.

Grand Total: 2032 creatures vanquished

Notes
Turn   | Place    | Note
-------+----------+-------------------------------------------
     0 | D:1      | tehanu the Minotaur Berserker began the quest for the Orb.
     0 | D:1      | Reached XP level 1. HP: 19/19 MP: 0/0
   173 | D:1      | Found a snail-covered altar of Cheibriados.
   297 | D:1      | Reached skill level 4 in Long Blades
   304 | D:1      | Reached XP level 2. HP: 27/27 MP: 1/1
   518 | D:1      | Reached XP level 3. HP: 11/34 MP: 2/2
   853 | D:1      | Reached ** piety under Trog
  1087 | D:2      | Noticed Terence
  1101 | D:2      | Killed Terence
  1162 | D:2      | Reached skill level 5 in Long Blades
  1162 | D:2      | Reached XP level 4. HP: 23/41 MP: 3/3
  1508 | D:2      | Reached skill level 5 in Fighting
  1585 | D:2      | Found a basalt altar of Yredelemnul.
  1586 | D:2      | Found a deep blue altar of Sif Muna.
  1784 | D:2      | Noticed Jessica
  1809 | D:2      | Killed Jessica
  1809 | D:2      | Reached XP level 5. HP: 37/48 MP: 4/4
  2018 | D:2      | Found a shattered altar of Ashenzari.
  2141 | D:2      | Noticed Robin
  2156 | D:2      | Killed Robin
  2158 | D:2      | Reached *** piety under Trog
  2291 | D:3      | Reached skill level 6 in Long Blades
  2353 | D:3      | Found a burning altar of Makhleb.
  2445 | D:3      | Found a blossoming altar of Fedhas.
  2581 | D:3      | Reached XP level 6. HP: 53/56 MP: 5/5
  3104 | D:4      | Noticed blobbo's ghost (amateur DrCj)
  3115 | D:4      | Killed blobbo's ghost
  3115 | D:4      | Reached skill level 7 in Long Blades
  3130 | D:3      | Reached XP level 7. HP: 45/61 MP: 6/6
  3337 | D:4      | Reached **** piety under Trog
  3516 | D:4      | Reached skill level 8 in Long Blades
  3971 | D:5      | Entered Level 5 of the Dungeon
  3980 | D:5      | Reached skill level 5 in Armour
  4338 | D:5      | Found a shimmering altar of Xom.
  4361 | D:5      | Reached XP level 8. HP: 66/70 MP: 7/7
  4469 | D:5      | Reached skill level 9 in Long Blades
  4818 | D:6      | Reached ***** piety under Trog
  4833 | D:6      | Received a gift from Trog
  4973 | D:6      | Found a staircase to the Ecumenical Temple.
  4989 | Temple   | Entered the Ecumenical Temple
  5187 | D:6      | Reached skill level 10 in Long Blades
  5187 | D:6      | Reached skill level 1 in Throwing
  5462 | D:6      | Found a white marble altar of Elyvilon.
  5748 | D:6      | Received a gift from Trog
  5772 | D:6      | Reached XP level 9. HP: 71/79 MP: 2/8
  6180 | D:7      | Found a hide-covered altar of Uskayaw.
  6184 | D:7      | Noticed a hand axe
  6184 | D:7      | Noticed a hand axe
  6262 | D:7      | Reached skill level 5 in Dodging
  6835 | D:8      | Got a steaming plate armour
  6846 | D:8      | Identified the +4 plate armour of Ashenzari's Delight {Dex+4} (You found it on level 8 of the Dungeon)
  6936 | D:8      | Found an opulent altar of Gozag.
  6959 | D:8      | Reached skill level 11 in Long Blades
  6995 | D:8      | Reached skill level 1 in Evocations
  7094 | D:8      | Noticed a two-headed ogre
  7103 | D:8      | Killed a two-headed ogre
  7601 | D:9      | Reached XP level 10. HP: 88/88 MP: 3/10
  7663 | D:9      | Reached skill level 12 in Long Blades
  7753 | D:9      | Noticed Pikel
  7760 | D:9      | Killed Pikel
  7764 | D:9      | Found a staircase to the Lair.
  8201 | D:9      | Reached skill level 13 in Long Blades
  8449 | D:9      | Got a steaming lead ring
  8661 | D:10     | Entered Level 10 of the Dungeon
  8661 | D:10     | Noticed a two-headed ogre
  8673 | D:9      | Killed a two-headed ogre
  8961 | D:10     | Noticed an unseen horror
  8963 | D:10     | Killed an unseen horror
  8963 | D:10     | Reached XP level 11. HP: 97/97 MP: 4/12
  9117 | D:10     | Received a gift from Trog
  9668 | D:11     | Reached skill level 14 in Long Blades
  9979 | D:11     | Identified the ring of Uxoruum {+Fly MR+ SInv Stlth+} (You took it off a big kobold on level 9 of the Dungeon)
 10564 | D:12     | Found a staircase to the Orcish Mines.
 10611 | D:12     | Noticed a six-headed hydra
 10620 | D:12     | Killed a six-headed hydra
 10778 | D:12     | Noticed a two-headed ogre
 10779 | D:12     | Found Ifuvea's Gadget Shoppe.
 10796 | D:12     | Killed a two-headed ogre
 10796 | D:12     | Reached skill level 10 in Fighting
 10796 | D:12     | Reached skill level 5 in Throwing
 10796 | D:12     | Reached skill level 10 in Armour
 11061 | D:12     | Noticed a purple ugly thing
 11067 | D:12     | Killed a purple ugly thing
 11291 | D:13     | Noticed a centaur warrior
 11298 | D:13     | Killed a centaur warrior
 11298 | D:13     | Reached XP level 12. HP: 87/106 MP: 3/14
 11397 | Orc:1    | Entered Level 1 of the Orcish Mines
 11528 | Orc:2    | Entered Level 2 of the Orcish Mines
 11590 | Orc:2    | Reached skill level 15 in Long Blades
 11990 | Orc:1    | Received a gift from Trog
 12573 | Orc:2    | Found a staircase to the Elven Halls.
 12779 | Orc:2    | Received a gift from Trog
 12789 | Orc:2    | Noticed a stone giant
 12809 | Orc:2    | Killed a stone giant
 13337 | Orc:2    | Reached skill level 5 in Evocations
 13559 | Orc:1    | Reached skill level 16 in Long Blades
 14303 | Orc:2    | Noticed Maurice
 14311 | Orc:2    | Killed Maurice
 14311 | Orc:2    | Reached XP level 13. HP: 116/116 MP: 15/15
 14617 | Orc:2    | Noticed Nessos
 14633 | Orc:2    | Killed Nessos
 14891 | Orc:2    | Reached ****** piety under Trog
 15091 | Orc:2    | Received a gift from Trog
 15192 | Orc:2    | Found Kiawu's Food Emporium.
 15192 | Orc:2    | Found Koohiv's Book Shop.
 15230 | Orc:2    | Found a roughly hewn altar of Beogh.
 15256 | Orc:2    | Found Nehoor's Distillery.
 15256 | Orc:2    | Found Angeonuu's Gadget Shop.
 15593 | Lair:1   | Entered Level 1 of the Lair of Beasts
 15599 | Lair:1   | Reached skill level 17 in Long Blades
 16565 | Lair:2   | Received a gift from Trog
 16870 | Lair:2   | Found a shimmering altar of Xom.
 17043 | Lair:2   | Noticed Harold
 17052 | Lair:2   | Killed Harold
 17089 | Lair:2   | Reached skill level 18 in Long Blades
 17798 | Lair:3   | Noticed Rupert
 17801 | Lair:3   | Paralysed by Rupert for 5 turns
 17813 | Lair:3   | Killed Rupert
 17813 | Lair:3   | Reached XP level 14. HP: 127/127 MP: 13/17
 17958 | Lair:3   | Found a staircase to the Shoals.
 18218 | Lair:3   | Found a staircase to the Snake Pit.
 18286 | Lair:3   | Received a gift from Trog
 18929 | Lair:3   | Received a gift from Trog
 20004 | Lair:5   | Noticed Kirke
 20013 | Lair:5   | Killed Kirke
 20013 | Lair:5   | Reached skill level 19 in Long Blades
 20110 | Lair:5   | Found a labyrinth entrance.
 20110 | Lair:5   | Noticed Josephine
 20122 | Lair:5   | Killed Josephine
 20122 | Lair:5   | Received a gift from Trog
 20133 | Lab      | Entered a labyrinth
 20560 | Lab      | Got a tiger eye-encrusted chain mail
 20742 | Lair:5   | Identified the +6 chain mail "Ybola" {-Tele rF++ rN++} (You took it off a minotaur in a labyrinth)
 20753 | Lair:5   | Lost intelligence.
 21334 | Lair:6   | Entered Level 6 of the Lair of Beasts
 21708 | Lair:6   | Reached XP level 15. HP: 121/136 MP: 17/19
 22107 | Lair:6   | Reached skill level 20 in Long Blades
 22403 | Lair:6   | Received a gift from Trog
 22406 | Lair:6   | Found a staircase to the Slime Pits.
 22516 | Lair:6   | Reached skill level 10 in Dodging
 24425 | D:13     | Found a sparkling altar of Nemelex Xobeh.
 24924 | D:14     | Found Ustos's Food Boutique.
 24963 | D:14     | Received a gift from Trog
 25077 | D:14     | Found a gate to the Vaults.
 25938 | D:14     | Reached skill level 21 in Long Blades
 26229 | D:14     | Got a faintly glowing quarterstaff
 26230 | D:14     | Identified the +9 quarterstaff of Optimality {protect, +Fly rElec Str-3 Int-2} (You found it on level 14 of the Dungeon)
 26486 | D:15     | Entered Level 15 of the Dungeon
 26652 | D:15     | Reached XP level 16. HP: 107/147 MP: 19/21
 27025 | D:15     | Received a gift from Trog
 27099 | D:15     | Found a staircase to the Depths.
 27157 | D:15     | Received a gift from Trog
 28190 | Lair:3   | Reached skill level 15 in Fighting
 28198 | Shoals:1 | Entered Level 1 of the Shoals
 29155 | Shoals:1 | Found a hide-covered altar of Uskayaw.
 29157 | Shoals:1 | Received a gift from Trog
 30015 | Shoals:2 | Noticed Nikola
 30016 | Shoals:2 | Noticed Polyphemus
 30045 | Shoals:2 | Killed Polyphemus
 30055 | Shoals:2 | Killed Nikola
 30055 | Shoals:2 | Reached skill level 22 in Long Blades
 31661 | Shoals:3 | Reached XP level 17. HP: 149/158 MP: 19/22
 32062 | Shoals:3 | Received a gift from Trog
 32467 | Shoals:4 | Entered Level 4 of the Shoals
 32951 | Shoals:4 | Noticed a kraken
 33232 | Shoals:4 | Noticed Ilsuiw
 34311 | Shoals:4 | Reached skill level 23 in Long Blades
 34592 | Shoals:4 | Received a gift from Trog
 34620 | Shoals:4 | Noticed a kraken
 34693 | Shoals:4 | Killed a kraken
 34876 | Shoals:3 | Reached skill level 15 in Armour
 35308 | Shoals:4 | Killed Ilsuiw
 36678 | Shoals:4 | Received a gift from Trog
 37096 | Shoals:4 | Killed a kraken
 37096 | Shoals:4 | Reached XP level 18. HP: 132/168 MP: 18/24
 37203 | Shoals:4 | Got a barnacled rune of Zot
 37663 | Vaults:1 | Entered Level 1 of the Vaults
 37718 | Vaults:1 | Found Zeonus's Gadget Shoppe.
 37863 | Vaults:1 | Received a gift from Trog
 38271 | Vaults:1 | HP: 8/252 [vault warden/battleaxe of chopping (6)]
 38272 | Vaults:1 | HP: 3/252 [vault warden/battleaxe of chopping (1)]
 39081 | Vaults:1 | Reached skill level 10 in Evocations
 39511 | Vaults:1 | Received a gift from Trog
 39819 | Vaults:2 | Reached skill level 24 in Long Blades
 41221 | Vaults:2 | Received a gift from Trog
 41244 | Vaults:2 | Reached XP level 19. HP: 166/179 MP: 23/25
 41248 | Vaults:2 | Noticed Sojobo
 41263 | Vaults:2 | Killed Sojobo
 41923 | Vaults:2 | Received a gift from Trog
 42596 | Vaults:2 | Received a gift from Trog
 43087 | Vaults:2 | Received a gift from Trog
 44254 | Elf:1    | Entered Level 1 of the Elven Halls
 45634 | Elf:1    | Found Xifaph's Antique Weapon Shoppe.
 45643 | Elf:1    | Identified a scroll of acquirement
 45657 | Elf:1    | Bought a smoking great sword for 402 gold pieces
 45657 | Elf:1    | Identified the +7 great sword of the Three Ghosts {flame, Int+6} (You bought it in a shop on level 1 of the Elven Halls)
 46134 | Elf:1    | Received a gift from Trog
 46504 | Elf:1    | Reached XP level 20. HP: 128/191 MP: 18/27
 46986 | Orc:1    | Received a gift from Trog
 47240 | Snake:1  | Entered Level 1 of the Snake Pit
 47262 | Snake:1  | Found Fuemeq's Fabulous Fripperies.
 47860 | Snake:1  | Noticed Aizul
 47879 | Snake:1  | Killed Aizul
 48663 | Snake:2  | Received a gift from Trog
 48830 | Snake:2  | Noticed Vashnia
 48840 | Snake:2  | Reached skill level 25 in Long Blades
 48957 | Snake:2  | Killed Vashnia
 49784 | Snake:3  | Found Zaggu's Assorted Antiques.
 49959 | Snake:3  | Found Qiotreh's Antique Armour Shop.
 50218 | Snake:3  | Found Mewylim's Antique Armour Emporium.
 50355 | Snake:3  | Noticed Jorgrun
 50438 | Snake:3  | Killed Jorgrun
 50438 | Snake:3  | Received a gift from Trog
 50620 | Snake:4  | Entered Level 4 of the Snake Pit
 50723 | Snake:4  | Received a gift from Trog
 51209 | Snake:4  | Noticed Noxor's ghost (adept SpEn)
 51232 | Snake:4  | Killed Noxor's ghost
 51244 | Snake:4  | Received a gift from Trog
 52292 | Snake:4  | Received a gift from Trog
 53379 | Snake:4  | Reached XP level 21. HP: 203/203 MP: 28/28
 54391 | Snake:4  | Received a gift from Trog
 54742 | Snake:4  | Received a gift from Trog
 55288 | Snake:4  | Got a serpentine rune of Zot
 56102 | Vaults:3 | Found a staircase to the Crypt.
 56119 | Crypt:1  | Entered Level 1 of the Crypt
 56512 | Crypt:1  | Received a gift from Trog
 57304 | Crypt:2  | Received a gift from Trog
 57573 | Crypt:2  | Paralysed by a vampire knight for 4 turns
 57874 | Crypt:2  | Received a gift from Trog
 58097 | Crypt:2  | Received a gift from Trog
 58098 | Crypt:2  | Got a translucent dire flail {god gift}
 58474 | Crypt:3  | Entered Level 3 of the Crypt
 59451 | Crypt:3  | Reached XP level 22. HP: 212/212 MP: 30/30
 59504 | Crypt:3  | Found a basalt altar of Yredelemnul.
 59689 | Crypt:3  | Received a gift from Trog
 59722 | Crypt:3  | HP: 10/318 [spectral stone giant[a revenant] (8)]
 60497 | Crypt:3  | Got a warped tin ring
 60508 | Crypt:3  | Identified Uluof's Papyrus of Stolen Souls
 60511 | Crypt:3  | Identified the ring "Cyih Lum" {rN++ Dex+4 Stlth+} (You found it on level 3 of the Crypt)
 60516 | Crypt:3  | Got a smoking ring mail
 60527 | Crypt:3  | Identified the +5 ring mail of Cloud Cover {+Inv +Fly rElec Int-2} (You found it on level 3 of the Crypt)
 60648 | Crypt:3  | Paralysed by a lich for 6 turns
 61366 | Crypt:3  | Found a staircase to the Tomb.
 61371 | Tomb:1   | Entered Level 1 of the Tomb of the Ancients
 61587 | Tomb:1   | Received a gift from Trog
 61621 | Tomb:1   | Reached skill level 26 in Long Blades
 61811 | Tomb:1   | Reached skill level 15 in Dodging
 61978 | Tomb:1   | Received a gift from Trog
 62015 | Tomb:1   | Noticed Boris
 62028 | Tomb:1   | Killed Boris
 62716 | Tomb:1   | Noticed a greater mummy
 62814 | Tomb:1   | Killed a greater mummy
 63264 | Tomb:1   | Noticed an ancient lich
 63270 | Tomb:1   | Killed an ancient lich
 63567 | Tomb:2   | Noticed a greater mummy
 63570 | Tomb:2   | Noticed a greater mummy
 63570 | Tomb:2   | Noticed a greater mummy
 63570 | Tomb:2   | Noticed a greater mummy
 63574 | Tomb:2   | Received a gift from Trog
 63577 | Tomb:2   | Reached XP level 23. HP: 33/218 MP: 5/31
 63580 | Tomb:2   | HP: 11/327 [guardian mummy's death curse (23)]
 63582 | Tomb:2   | Killed a greater mummy
 63583 | Tomb:2   | Killed by a guardian mummy's death curse

Skill      XL: |  1  2  3  4  5  6  7  8  9 10 11 12 13 14 15 16 17 18 19 20 21 22 |
---------------+-------------------------------------------------------------------+-----
Long Blades    | 4 5 6 7 8 10 11 13 14 16 18 19 21 22 23 24 25 26 | 26.3
Fighting       | 4 5 6 7 8 9 10 11 12 13 14 15 16 17 19 20 22 23 | 23.5
Dodging        | 3 4 5 6 7 8 9 10 11 12 13 14 15 | 15.3
Armour         | 4 5 6 8 9 10 11 12 13 14 15 16 17 18 19 20 | 20.0
Throwing       | 1 2 4 5 6 7 |  7.4
Evocations     | 1 3 4 5 6 7 8 9 10 11 12 13 | 13.1
Maces & Flails | |  0.5

Action                   |  1- 3 |  4- 6 |  7- 9 | 10-12 | 13-15 | 16-18 | 19-21 | 22-24 || total
-------------------------+-------+-------+-------+-------+-------+-------+-------+-------++-------
Melee: Falchion          |    72 |   113 |    53 |       |       |       |       |       ||   238
       Headbutt          |     9 |    23 |    53 |   111 |   290 |   362 |   406 |   128 ||  1382
       Long sword        |       |       |   108 |       |       |       |       |       ||   108
       Double sword      |       |       |    73 |   379 |       |       |       |       ||   452
       Great mace        |       |       |       |     5 |    38 |    22 |     2 |       ||    67
       Triple sword      |       |       |       |    84 |   824 |   905 |   845 |       ||  2658
       Great sword       |       |       |       |       |       |       |   341 |   327 ||   668
Throw: Throwing net      |       |     1 |       |       |       |       |       |       ||     1
       Javelin           |       |       |       |       |     1 |    63 |    35 |     1 ||   100
Invok: Berserk           |       |     1 |       |     3 |     3 |     9 |     9 |     3 ||    28
       Brothers in Arms  |       |       |       |       |       |     3 |     2 |       ||     5
 Abil: Evoke Flight      |       |       |       |       |       |       |       |     1 ||     1
Evoke: Wand              |       |       |       |     3 |     3 |    12 |     5 |     1 ||    24
  Use: Scroll            |       |       |    14 |    11 |     5 |    11 |     9 |     4 ||    54
       Potion            |       |       |       |       |     3 |     5 |     5 |     1 ||    14
 Stab: Distracted        |       |       |       |     1 |       |       |     3 |       ||     4
  Eat: Chunk             |     1 |     6 |    15 |    19 |    41 |    50 |    28 |     3 ||   163
       Meat ration       |       |       |       |     1 |       |       |     3 |     2 ||     6
       Royal jelly       |       |       |       |     1 |     1 |     2 |    12 |     1 ||    17
       Fruit             |       |       |       |       |     1 |     3 |     2 |     1 ||     7
Armor: Animal skin       |     6 |       |       |       |       |       |       |       ||     6
       Scale mail        |     4 |    29 |    37 |       |       |       |       |       ||    70
       Plate armour      |       |       |    20 |   243 |   435 |   533 |   492 |   134 ||  1857
Dodge: Dodged            |    34 |    44 |   106 |   217 |   488 |   643 |   702 |   224 ||  2458
Block: Buckler           |       |       |     1 |       |       |       |       |       ||     1
       Rpst.: Falchion   |     5 |     9 |     2 |       |       |       |       |       ||    16
       Long sword        |       |       |     4 |       |       |       |       |       ||     4
       Double sword      |       |       |    11 |    32 |       |       |       |       ||    43
       Triple sword      |       |       |       |    11 |   157 |   203 |   184 |       ||   555
       Great mace        |       |       |       |       |     6 |     5 |     1 |       ||    12
       Unarmed           |       |       |       |       |       |     1 |       |       ||     1
       Great sword       |       |       |       |       |       |       |    58 |   106 ||   164
